 Dungeon Crawl Stone Soup version 0.24.1-14-gf8d2b509d9 (webtiles) character file.

Game seed: 17309987638433617221, levelgen mode: deterministic

55 lonewolf22212 the Sneak (level 3, -5/30 HPs)
             Began as a Draconian Assassin on Oct 12, 2020.
             Slain by Sigmund
             ... wielding a +0 scythe
              (6 damage)
             ... on level 2 of the Dungeon.
             The game lasted 00:03:06 (1652 turns).

lonewolf22212 the Sneak (Draconian Assassin)        Turns: 1652, Time: 00:03:06

Health: -5/30      AC:  6    Str: 13    XL:     3   Next: 67%
Magic:  3/3        EV: 12    Int: 12    God:
Gold:   98         SH:  0    Dex: 12    Spells: 2/2 levels left

rFire    . . .     SeeInvis .   a - +2 dagger
rCold    . . .     Gourm    .   (no shield)
rNeg     . . .     Faith    .   (armour unavailable)
rPois    .         Spirit   .   (helmet restricted)
rElec    .         Reflect  .   b - +0 cloak
rCorr    .         Harm     .   (no gloves)
MR       .....                  (no boots)
Stlth    +++.......             (no amulet)
HPRegen  0.10/turn              (no ring)
MPRegen  0.08/turn              (no ring)

@: no status effects
A: unfitting armour, cold-blooded, AC +5
a: no special abilities


You were on level 2 of the Dungeon.
You were not hungry.

You visited 1 branch of the dungeon, and saw 2 of its levels.

You collected 98 gold pieces.

Inventory:

Hand Weapons
 a - a +2 dagger (weapon)
Missiles
 c - 8 poisoned darts (quivered)
 d - 2 curare-tipped darts
Armour
 b - a +0 cloak (worn)
Jewellery
 e - a cursed ring of teleportation {unknown}
Scrolls
 h - 3 scrolls of magic mapping {unknown}
 i - 2 scrolls of fear {unknown}
 j - a scroll of fog {unknown}
 k - a scroll of identify {unknown}
Potions
 g - a potion of might {unknown}
 l - a potion of flight {unknown}
Comestibles
 f - 6 chunks of flesh


   Skills:
 + Level 2.5 Fighting
 + Level 2.5 Short Blades
 + Level 2.0 Throwing
 + Level 1.5 Dodging
 + Level 4.3 Stealth


You had 2 spell levels left.
You didn't know any spells.
Your spell library was empty.

Dungeon Overview and Level Annotations

Branches:
Dungeon (2/15)

Altars:

Annotations:
D:2 Sigmund


Innate Abilities, Weirdness & Mutations

Your plain brown scales are hard. (AC +5)
You cannot fit into any form of body armour.
You are cold-blooded and may be slowed by cold attacks.


Message History

The hobgoblin hits you but does no damage.
You hit the hobgoblin.
You kill the hobgoblin!
Things that are here:
a +0 club; 10 stones; a hobgoblin corpse Sigmund the Dreaded comes into view.
He is wielding a +0 scythe.
Sigmund shouts!
Sigmund mumbles some strange words.
Sigmund flickers and vanishes!
Deactivating autopickup; reactivate with Ctrl-A.
Something completely misses you.
You miss something.
Your tail-slap misses something.
You hit something but do no damage. Something hits you!
Ouch! That really hurt!
You hit something. You tail-slap something. Something hits you!
* * * LOW HITPOINT WARNING * * *
You hit something. You closely miss something.
Your tail-slap misses something.
Something hits you.
You die...

#..##########
#..# #..# ##.#
#### #..# #.#
...####..# #.#
##.......#
#######.#
######.##
#.......# #.#
#.#######
#.#############.#
#........{@.....#
#################


There were no monsters in sight!

Vanquished Creatures
  An ooze (D:1)
  2 worms (D:2)
  A dart slug (D:1)
  2 leopard geckos
  2 ball pythons (D:2)
  6 bats (D:1)
  4 giant cockroaches
  3 goblins
  7 hobgoblins
  3 kobolds
  A quokka (D:2)
  2 frilled lizards
  4 rats
38 creatures vanquished.

Notes
Turn   | Place    | Note
-------+----------+-------------------------------------------
     0 | D:1      | lonewolf22212 the Draconian Assassin began the quest for
                  | the Orb.
     0 | D:1      | Reached XP level 1. HP: 17/17 MP: 1/1
    77 | D:1      | Reached skill level 1 in Dodging
    77 | D:1      | Reached XP level 2. HP: 15/24 MP: 2/2
   462 | D:1      | Reached skill level 4 in Stealth
   985 | D:1      | Reached XP level 3. HP: 30/30 MP: 3/3
  1492 | D:2      | Found a faded altar of an unknown god.
  1643 | D:2      | Noticed Sigmund
  1650 | D:2      | HP: 1/30 [something (13)]
  1652 | D:2      | Slain by Sigmund

Levels and vault maps discovered:
D:1:      mrwooster_arrival_statue_2, layout_basic
D:2:      layout_loops_ring, chequers_ecumenical_altar_island, uniq_sigmund

Skill      XL: |  1  2 |
---------------+-------+-----
Dodging        | 1 |  1.5
Stealth        | 4 |  4.3
Throwing       | 2 |  2.0
Fighting       | |  2.5
Short Blades   | |  2.5

Action                   || total
-------------------------++-------
Melee: Dagger            ||   131
       Tailslap          ||    13
 Stab: Sleeping          ||     8
  Eat: Ration            ||     1
       Chunk             ||     1
Armor: Skin              ||    55
Dodge: Dodged            ||   104
